 Dungeon Crawl Stone Soup version 0.29-a0-384-g6960b1960d (webtiles) character file.

Game seed: 11709799732935516800

148 Bruhh the Magician (level 5, -3/35 HPs)
             Began as a Djinni Earth Elementalist on May 7, 2022.
             Slain by Edmund
             ... wielding a +2 flail of protection
              (13 damage)
             ... on level 4 of the Dungeon.
             The game lasted 00:04:12 (4360 turns).

Bruhh the Magician (Djinni Earth Elementalist)      Turns: 4360, Time: 00:04:13

Health: -3/35      AC:  2    Str:  7    XL:     5   Next: 56%
Gold:   142        EV: 12    Int: 18    God:
                   SH:  0    Dex: 14

rFire   + + .      SeeInvis .   m - +4 rapier
rCold   x . .      Faith    .   (no shield)
rNeg    . . .      Spirit   .   b - +0 robe
rPois   ∞          Reflect  .   (no helmet)
rElec   .          Harm     .   (no cloak)
rCorr   .          Rampage  .   (no gloves)
Will    ++...                   (boots unavailable)
Stlth   ++........              (no amulet)
HPRegen 0.11/turn               g - ring of willpower
MPRegen 0.00/turn               h - ring of willpower

@: flying, very slightly contaminated
A: sickness immunity, fire resistance 2, cold vulnerability 1, float, innate
caster, HP casting, extra vitality 1
a: no special abilities


You were on level 4 of the Dungeon.
You visited 1 branch of the dungeon, and saw 4 of its levels.

You collected 142 gold pieces.

Inventory:

Hand Weapons
 m - a +4 rapier (weapon)
Missiles
 a - 22 stones
Armour
 b - a +0 robe (worn)
Jewellery
 g - a ring of willpower (left hand)
 h - a ring of willpower (right hand)
 l - a ring of positive energy
Scrolls
 c - 3 scrolls of magic mapping {unknown}
 e - 5 scrolls of vulnerability {unknown}
 j - a scroll of silence {unknown}
 k - 3 scrolls of identify {unknown}
 o - a scroll of fog {unknown}
 q - a scroll of teleportation {unknown}
Potions
 d - a potion of curing {unknown}
 f - 2 potions of magic {unknown}
 i - a potion of ambrosia
 n - a potion of heal wounds {unknown}
 p - a potion of haste {unknown}
 r - 2 potions of attraction {unknown}
 s - a potion of degeneration {unknown}


   Skills:
 - Level 2.1 Dodging
 - Level 1.5 Stealth
 + Level 4.5 Spellcasting


You couldn't memorise any spells.
You knew the following spells:

 Your Spells              Type           Power      Damage    Failure   Level
a - Sandblast             Erth           40%        2d10      2%          1
b - Passwall              Tmut/Erth      16%        N/A       3%          2
c - Stone Arrow           Conj/Erth      40%        3d9       6%          3
d - Petrify               Tmut/Erth      20%        N/A       22%         4
e - Animate Skeleton      Necr           40%        N/A       2%          1
f - Wereblood             Tmut           20%        N/A       3%          2
Your spell library was empty.

Dungeon Overview and Level Annotations

Branches:
Dungeon (4/15)
 Temple: D:4-7

Altars:
Ashenzari

Annotations:
D:4 Edmund


Innate Abilities, Weirdness & Mutations

You are immune to sickness and miasma.
You are immune to poison.
Your flesh is very heat resistant. (rF++)
You are vulnerable to cold. (rC-)
You float through the air rather than walking.
You learn spells naturally, not from books.
Your magical power is your life essence.
You have superior vitality. (+4 MHP)


Message History

You kill the goblin!
Edmund the Younger comes into view.
He is wielding a +2 flail of protection.
The stone arrow hits the endoplasm.
You kill the endoplasm!
Edmund shouts!
The stone arrow hits Edmund!
Edmund is lightly wounded.
Edmund is nearby!
You miscast Stone Arrow.
You are very lightly contaminated with residual magic.
Nothing appears to happen.
The stone arrow hits Edmund!
Edmund is heavily wounded.
The stone arrow hits Edmund.
Edmund is heavily wounded.
Edmund hits you with a +2 flail of protection!
* * * LOW HITPOINT WARNING * * *
You are too injured to fight recklessly!
Casting: Stone Arrow (dangerous; 6% risk of failure)
Confirm with . or Enter, or press ? or * to list all spells.
Okay, then.
It was a potion of ambrosia.
You are confused.
You feel invigorated. Edmund misses you.
You feel less invigorated.
You feel less confused. Edmund barely misses you.
Edmund attacks as you move away!
Edmund hits you with a +2 flail of protection!
Edmund says, "People accused me of being a cutpurse!"
Casting: Stone Arrow (dangerous; 6% risk of failure)
Confirm with . or Enter, or press ? or * to list all spells.
Aiming: Stone Arrow (dangerous; 6% risk of failure)
Press: ? - help, Shift-Dir - straight line, f/p - Edmund
Aim: Edmund, wielding a +2 flail of protection and wearing a +0 scale mail (heavily wounded, 75% to hit)
The stone arrow hits Edmund.
Edmund is severely wounded.
* * * LOW HITPOINT WARNING * * *
Edmund hits you with a +2 flail of protection!
You die...

..............#
.............#
.!...........#
#....).....#(
#..[........
#...........
####...........
#.....@........
#.....@........
#...........#.#
#.............#
#####.........#
##..#.....#
##.##....#
#.###...####
##...........
....
#..........#


You could see Edmund.

Vanquished Creatures
  An orc wizard (D:4)
  4 adders
  A worm (D:3)
  5 orcs (D:4)
  7 bats
  11 endoplasms
  3 giant cockroaches (D:1)
  6 goblins
  5 hobgoblins
  4 jackals (D:3)
  5 quokkas
  7 ball pythons
  A frilled lizard (D:2)
  6 kobolds
  9 rats
  A bush (D:2)
76 creatures vanquished.

Notes
Turn   | Place    | Note
-------+----------+-------------------------------------------
     0 | D:1      | Bruhh the Djinni Earth Elementalist began the quest for the
                  | Orb.
     0 | D:1      | Reached XP level 1. HP: 15/15 MP: 0/0
   283 | D:1      | Reached XP level 2. HP: 14/21 MP: 0/0
   586 | D:1      | Reached skill level 3 in Spellcasting
  1108 | D:1      | Reached XP level 3. HP: 24/25 MP: 0/0
  1108 | D:1      | Learned a level 1 spell: Animate Skeleton
  1855 | D:2      | Reached XP level 4. HP: 29/31 MP: 0/0
  2254 | D:2      | Found a broken altar of Ashenzari.
  3405 | D:3      | Reached skill level 4 in Spellcasting
  3684 | D:3      | Found a faded altar of an unknown god.
  3809 | D:4      | Reached XP level 5. HP: 14/35 MP: 0/0
  3809 | D:4      | Learned a level 2 spell: Wereblood
  4288 | D:4      | Found the ring of the Hare {EV+8}
  4348 | D:4      | Noticed Edmund
  4360 | D:4      | Slain by Edmund

Illustrated notes

Levels and vault maps discovered:
D:1:      dpeg_arrival_round_c, layout_loops_corners, minmay_shallow_snake_nest
D:2:      layout_loops_corners, basic_altar, minmay_hedge_maze
D:3:      layout_basic, chequers_ecumenical_altar_simple, serial_rivers,
          chequers_serial_rivers_small_3, chequers_serial_rivers_small_3,
          chequers_serial_rivers_micro_e, chequers_serial_rivers_micro_a,
          chequers_serial_rivers_micro_b, chequers_serial_rivers_small_b,
          kennysheep_big_empty_room
D:4:      layout_rooms, lemuel_temple_firewalk_a, uniq_edmund

Skill      XL: |  1  2  3  4 |
---------------+-------------+-----
Spellcasting   | 3 4 |  4.5
Dodging        | |  2.1
Stealth        | |  1.5

Action                   |  1- 3 |  4- 6 || total
-------------------------+-------+-------++-------
Melee: Unarmed           |     6 |       ||     6
       Rapier            |     8 |   114 ||   122
       Punch             |       |     3 ||     3
 Cast: Sandblast         |    52 |    53 ||   105
       Stone Arrow       |       |    10 ||    10
  Use: Potion            |       |     1 ||     1
Armor: Robe              |     8 |    13 ||    21
Dodge: Dodged            |    21 |    52 ||    73

Table legend: (Time is in decaauts)
 A = Elapsed time spent in this place.
 B = Non-inter-level travel time spent in this place.
 C = Inter-level travel time spent in this place.
 D = Time resting spent in this place.
 E = Time spent auto-exploring this place.
 F = Levels seen in this place.
 G = Mean time per level.
                   A        B        C        D        E       F      G
               +--------+--------+--------+--------+--------+-----+--------+
         Total |   4382 |   4295 |     87 |      0 |   3755 |   4 | 1095.5 |
       Dungeon |   4382 |   4295 |     87 |      0 |   3755 |   4 | 1095.5 |
               +--------+--------+--------+--------+--------+-----+--------+

Top non-repeatable levels by time:
     D:1: 1572 daAuts
     D:2: 1225 daAuts
     D:3: 1020 daAuts
     D:4: 564 daAuts
